 Dungeon Crawl Stone Soup version 0.27.1-3-gb3d3a73c9e (webtiles) character file.

Game seed: 5210440132590362362

28318 DearestLeader the Fighter (level 13, -6/104 HPs)
             Began as a Gnoll Wanderer on Oct 25, 2021.
             Was an Elder of the Shining One.
             Mangled by an ice devil (18 damage)
             ... in an ice cave on Oct 26, 2021.
             The game lasted 00:37:49 (12630 turns).

DearestLeader the Fighter (Gnoll Wanderer)         Turns: 12630, Time: 00:37:50

Health: -6/104     AC: 12    Str: 21    XL:     13   Next: 38%
Magic:  25/25      EV: 14    Int: 16    God:    the Shining One [****..]
Gold:   817        SH:  0    Dex: 10    Spells: 9/28 levels left

rFire    + . .     SeeInvis +   t - +0 falchion (holy)
rCold    . . .     Faith    .   (no shield)
rNeg     + + .     Spirit   .   q - +2 leather armour {rC+}
rPois    +         Reflect  .   h - +2 helmet {SInv}
rElec    .         Harm     .   (no cloak)
rCorr    .         Rampage  .   D - +0 pair of gloves
Will     .....                  e - +0 pair of boots
Stlth    ++........             m - amulet of regeneration
HPRegen  1.27/turn              H - ring of poison resistance
MPRegen  0.19/turn              a - ring "Goeggasch" {Fire *Slow +Blink Str+7 Slay+3 Stlth+}

@: glowing
A: fangs 1, strong nose, distributed training
a: Renounce Religion, Evoke Blink, Divine Shield, Cleansing Flame


You were in an ice cave.
You worshipped the Shining One.
The Shining One was greatly pleased with you.
You visited 2 branches of the dungeon, and saw 15 of its levels.
You also visited: Ice Cave.

You collected 817 gold pieces.

Inventory:

Hand Weapons
 t - a +0 falchion of holy wrath (weapon)
 A - a +3 dagger of venom
 I - a +4 whip
 U - a +1 shortbow of freezing
Missiles
 d - a throwing net (quivered)
 Q - 12 javelins
 V - 54 arrows
Armour
 e - a +0 pair of boots (worn)
 h - a +2 helmet of see invisible (worn)
 q - a +2 leather armour of cold resistance (worn)
 r - the +4 robe of Augmentation {Str+4 Int+4 Dex+4}
   (You took it off an orc on level 5 of the Dungeon)

   Str:       It affects your strength (+4).
   Int:       It affects your intelligence (+4).
   Dex:       It affects your dexterity (+4).
 D - a +0 pair of gloves (worn)
 T - +0 swamp dragon scales
 X - a +2 kite shield
Jewellery
 a - the ring "Goeggasch" (right hand) {Fire *Slow +Blink Str+7 Slay+3 Stlth+}
   (You acquired it on level 4 of the Dungeon)

   [ring of fire]

   It enhances your fire magic.
   Str:       It affects your strength (+7).
   Slay:      It affects your accuracy & damage with ranged weapons and melee
   (+3).
   rF:        It protects you from fire.
   rC:        It makes you vulnerable to cold.
   +Blink:    It lets you blink.
   *Slow:     It may slow you when you take damage.
   Stlth:     It makes you more stealthy.
 b - a ring of flight
 i - a +6 ring of intelligence
 m - an amulet of regeneration (around neck)
 w - a ring of resist corrosion
 C - a ring of positive energy
 G - a +4 ring of evasion
 H - a ring of poison resistance (left hand)
 N - a ring of willpower
 P - a +4 ring of evasion
Wands
 k - a wand of polymorph (26)
 y - a wand of flame (11)
 E - a wand of digging (9)
Scrolls
 c - 4 scrolls of teleportation
 j - 3 scrolls of vulnerability
 s - 2 scrolls of amnesia {unknown}
 v - 3 scrolls of magic mapping
 x - 3 scrolls of enchant armour
 F - 2 scrolls of blinking
 M - 4 scrolls of fog
 S - a scroll of silence {unknown}
Potions
 f - 2 potions of berserk rage
 l - 3 potions of might
 n - a potion of ambrosia
 o - 7 potions of curing
 u - 2 potions of degeneration {unknown}
 z - 3 potions of invisibility
 B - a potion of mutation {unknown}
 J - a potion of flight {unknown}
 K - a potion of haste {unknown}
 L - 3 potions of heal wounds
 R - 2 potions of attraction {unknown}


   Skills:
 + Level 10.5 Fighting
 + Level 8.2 Short Blades
 + Level 8.2 Long Blades
 + Level 8.2 Axes
 + Level 8.2 Maces & Flails
 + Level 8.2 Polearms
 + Level 8.2 Staves
 + Level 8.2 Slings
 + Level 8.2 Bows
 + Level 8.2 Crossbows
 + Level 8.2 Throwing
 + Level 8.2 Armour
 + Level 8.2 Dodging
 + Level 10.2 Stealth
 + Level 8.7 Shields
 + Level 8.2 Unarmed Combat
 + Level 8.2 Spellcasting
 + Level 6.8 Conjurations
 + Level 6.8 Hexes
 + Level 6.8 Summonings
 + Level 6.8 Necromancy
 + Level 6.8 Translocations
 + Level 6.8 Transmutations
 + Level 6.8 Fire Magic
 + Level 6.8 Ice Magic
 + Level 8.9 Air Magic
 + Level 6.8 Earth Magic
 + Level 6.8 Poison Magic
 + Level 9.0 Invocations
 + Level 8.2 Evocations


You had 9 spell levels left.
You knew the following spells:

 Your Spells              Type           Power      Damage    Failure   Level
a - Airstrike             Air            17%        N/A       3%          4
b - Swiftness             Air            35%        N/A       1%          3
c - Freezing Cloud        Conj/Ice/Air   15%        6-21      16%         5
d - Frozen Ramparts       Ice            56%        1d7       2%          3
e - Summon Ice Beast      Ice/Summ       28%        N/A       7%          4

Your spell library contained the following spells:

 Spells                   Type           Power      Damage    Failure   Level
 Passwall                 Tmut/Erth      23%        N/A       1%          2
 Portal Projectile        Hex/Tloc       56%        N/A       2%          3
 Ice Form                 Ice/Tmut       28%        N/A       7%          4
 Blade Hands              Tmut           14%        N/A       21%         5
 Excruciating Wounds      Necr           14%        N/A       21%         5
 Conjure Ball Lightning   Conj/Air       15%        3x3d6     58%         6
 Invisibility             Hex            14%        N/A       73%         6
 Ignition                 Fire           21%        3d8       100%        8
 Maxwell's Capacitive Co  Air            17%        ∞         100%        8


Dungeon Overview and Level Annotations

Branches:
Dungeon (12/15)            Temple (0/1) D:5            Lair (3/6) D:10
 Shoals (0/4) Lair:3        IceCv (1/1)
  Snake: Lair:2-4    Spider: Lair:2-4       Orc: D:9-12

Altars:
Ashenzari
Makhleb
Qazlal
Sif Muna
The Shining One

Shops:
D:1 (=[*   D:5 (

Annotations:
D:6 chujev's ghost, novice TrBe
D:9 3 runed translucent doors, DearestLeader's ghost, novice GnWn; vaporguy's ghost, novice MiFi


Innate Abilities, Weirdness & Mutations

You have very sharp teeth.
Your uncanny sense of smell can sniff out nearby items.
Your experience applies equally to all skills.


Message History

The troll simulacrum is almost destroyed.
The troll simulacrum bites you. The troll simulacrum freezes you!
The troll simulacrum barely misses you. The troll simulacrum claws you.
The troll simulacrum freezes you!
You slash the troll simulacrum!
The troll simulacrum vaporises!
The Shining One accepts your kill.
You feel better.
You barely miss the ice devil. You bite the ice devil.
The ice devil is lightly wounded.
You barely miss the ice devil.
The ice devil is lightly wounded.
The ice devil hits you! The ice devil freezes you!
You slash the ice devil!
The ice devil convulses!
The ice devil is heavily wounded.
The ice devil barely misses you. The elephant simulacrum misses you.
The elephant simulacrum closely misses you.
You slash the ice devil!
The ice devil convulses!
Your bite misses the ice devil.
The ice devil is almost dead.
The ice devil hits you. The ice devil freezes you!
You hit the ice devil but do no damage. You punch the ice devil.
The ice devil is almost dead.
The ice devil hits you but does no damage.
You hit the ice devil but do no damage.
The ice devil is almost dead.
The ice devil hits you but does no damage.
You barely miss the ice devil.
The ice devil is almost dead.
The ice devil hits you!
* * * LOW HITPOINT WARNING * * *
The ice devil freezes you!
* * * LOW HITPOINT WARNING * * *
You hit the ice devil but do no damage.
The ice devil is almost dead.
The white imp shouts, "Give in, thou grime-gilt fen-sucked haggard!"
The ice devil hits you.
* * * LOW HITPOINT WARNING * * *
The ice devil freezes you!!
You die...

#.5..........
#...........
.Z.......
#....# #Z.#
##.Z# ##.Z##
#Z4## #.5@##
##...##
##...# ##...#
#...##
##...##
##.....##
#...∩...#
#.......#


You could see an ice devil, a white imp and a troll simulacrum.

Vanquished Creatures
  Gastronok (Lair:2)
  A boulder beetle (D:11)
  A centaur warrior (D:12)
  A two-headed ogre (D:9)
  6 death yaks
  4 oklob plants
  An ugly thing (D:12)
  A cyclops (D:11)
  6 elephants (Lair:3)
  6 cane toads
  An unseen horror (D:12)
  11 komodo dragons
  Maggie (D:8)
  A troll (D:8)
  Prince Ribbit (D:5)
  18 yaks
  3 wyverns
  4 basilisks
  Menkaure (D:5)
  A death yak simulacrum (Lair:3)
  A warg (D:12)
  An acid dragon (D:9)
  A floating eye (Lair:1)
  7 water moccasins
  6 orc warriors
  4 boggarts (D:12)
  4 necrophages
  An ice beast (D:5)
  3 black bears
  A sky beast (D:5)
  3 ogres
  7 centaurs
  12 wolves (Lair:2)
  Blork the orc (D:4)
  8 bullfrogs
  A wyvern zombie (D:7)
  3 scorpions
  An elephant simulacrum (Lair:3)
  An electric eel (Lair:2)
  7 howler monkeys
  2 bullfrog zombies
  2 jellies (D:7)
  3 orc priests
  A gnoll shaman (D:4)
  3 hounds
  3 bullfrog skeletons
  17 iguanas
  Terence (D:2)
  Jessica (D:2)
  6 orc wizards
  Ijyb (D:5)
  Natasha (thrice) (D:2)
  A polar bear simulacrum (Lair:3)
  A troll simulacrum (IceCv)
  A hound skeleton (D:5)
  A howler monkey skeleton (D:4)
  6 gnolls
  10 adders
  A shadow imp (D:7)
  2 white imps
  3 ufetubi
  4 dart slugs
  22 orcs
  5 ball pythons
  9 endoplasms
  3 giant cockroaches
  7 goblins
  3 hobgoblins
  9 kobolds
  5 quokkas
  5 bats
  26 frilled lizards
  8 rats
318 creatures vanquished.

Vanquished Creatures (collateral kills)
  A cane toad (Lair:1)
  A water moccasin (Lair:1)
2 creatures vanquished.

Vanquished Creatures (others)
  An ufetubus (IceCv)
  11 fungi
  15 plants
27 creatures vanquished.

Grand Total: 347 creatures vanquished

Notes
Turn   | Place    | Note
-------+----------+-------------------------------------------
     0 | D:1      | DearestLeader the Gnoll Wanderer began the quest for the
                  | Orb.
     0 | D:1      | DearestLeader set off with the following items: a +2 spear,
                  | a potion of lignification, a scroll of teleportation, a +0
                  | robe, a +0 dagger
     0 | D:1      | Reached XP level 1. HP: 23/23 MP: 1/1
   196 | D:1      | Found Amis's Antique Armour Shop.
   257 | D:1      | Reached XP level 2. HP: 29/29 MP: 2/2
   323 | D:1      | Found Tuetasak's General Store.
   510 | D:1      | Found Pidugh's Weapon Boutique.
   534 | D:1      | Found Susobli's Jewellery Shoppe.
   709 | D:1      | Found a faded altar of an unknown god.
   879 | D:1      | Reached XP level 3. HP: 34/35 MP: 3/3
   927 | D:2      | Noticed Jessica
   933 | D:2      | Killed Jessica
   934 | D:2      | Reached skill level 1 in Short Blades
   934 | D:2      | Reached skill level 1 in Long Blades
   934 | D:2      | Reached skill level 1 in Axes
   934 | D:2      | Reached skill level 1 in Maces & Flails
   934 | D:2      | Reached skill level 1 in Polearms
   934 | D:2      | Reached skill level 1 in Staves
   934 | D:2      | Reached skill level 1 in Slings
   934 | D:2      | Reached skill level 1 in Bows
   934 | D:2      | Reached skill level 1 in Crossbows
   934 | D:2      | Reached skill level 1 in Throwing
   934 | D:2      | Reached skill level 1 in Armour
   934 | D:2      | Reached skill level 1 in Dodging
   934 | D:2      | Reached skill level 1 in Unarmed Combat
   934 | D:2      | Reached skill level 1 in Spellcasting
   934 | D:2      | Reached skill level 1 in Invocations
   934 | D:2      | Reached skill level 1 in Evocations
   936 | D:2      | Noticed Natasha
   941 | D:2      | Reached XP level 4. HP: 41/41 MP: 3/5
   965 | D:2      | Killed Natasha
   966 | D:2      | Reached skill level 1 in Conjurations
   966 | D:2      | Reached skill level 1 in Hexes
   966 | D:2      | Reached skill level 1 in Summonings
   966 | D:2      | Reached skill level 1 in Necromancy
   966 | D:2      | Reached skill level 1 in Translocations
   966 | D:2      | Reached skill level 1 in Transmutations
   966 | D:2      | Reached skill level 1 in Fire Magic
   966 | D:2      | Reached skill level 1 in Ice Magic
   966 | D:2      | Reached skill level 1 in Earth Magic
   966 | D:2      | Reached skill level 1 in Poison Magic
  1052 | D:2      | Reached XP level 5. HP: 41/47 MP: 6/6
  1123 | D:2      | Noticed Terence
  1129 | D:2      | Killed Terence
  1179 | D:2      | Noticed Natasha
  1184 | D:2      | Killed Natasha
  1433 | D:2      | Noticed Natasha
  1448 | D:2      | Killed Natasha
  1449 | D:2      | Reached XP level 6. HP: 47/53 MP: 8/8
  1984 | D:3      | Found a glowing golden altar of the Shining One.
  2377 | D:4      | Noticed a necrophage
  2398 | D:4      | Killed a necrophage
  2448 | D:4      | Reached XP level 7. HP: 55/59 MP: 10/10
  2538 | D:4      | Identified 2 scrolls of acquirement
  2540 | D:4      | Acquired the ring "Goeggasch" {Fire *Slow +Blink Str+7
                  | Slay+3 Stlth+}
  2544 | D:4      | Acquired Tootryi's Papyrus of Feathers and Flames
  2551 | D:4      | Learned a level 4 spell: Airstrike
  2620 | D:4      | Noticed Blork the orc
  2625 | D:4      | Killed Blork the orc
  3210 | D:5      | Entered Level 5 of the Dungeon
  3210 | D:5      | Found Feppyos's Weapon Shoppe.
  3437 | D:3      | Became a worshipper of the Shining One
  3555 | D:5      | Reached XP level 8. HP: 61/67 MP: 12/12
  3576 | D:5      | Found a shimmering blue altar of Sif Muna.
  3576 | D:5      | Found a stormy altar of Qazlal.
  3584 | D:5      | Found a broken altar of Ashenzari.
  3584 | D:5      | Found a burning altar of Makhleb.
  3641 | D:5      | Found a staircase to the Ecumenical Temple.
  3757 | D:5      | Noticed Ijyb
  3757 | D:5      | Noticed a yak
  3757 | D:5      | Noticed a yak
  3757 | D:5      | Noticed a yak
  3757 | D:5      | Noticed a yak
  3768 | D:5      | Killed Ijyb
  3783 | D:5      | Killed a yak
  3798 | D:5      | Killed a yak
  3821 | D:5      | Killed a yak
  3835 | D:5      | Reached XP level 9. HP: 33/72 MP: 14/14
  3955 | D:5      | Noticed Prince Ribbit
  3955 | D:5      | Reached * piety under the Shining One
  3963 | D:5      | Killed Prince Ribbit
  3968 | D:5      | Learned a level 3 spell: Swiftness
  3974 | D:5      | Learned a level 5 spell: Freezing Cloud
  4159 | D:5      | Noticed Menkaure
  4168 | D:5      | Killed Menkaure
  4169 | D:5      | Reached skill level 5 in Shields
  4827 | D:6      | Found a large runed translucent door.
  4827 | D:6      | Found a large runed translucent door.
  4845 | D:6      | Noticed chujev's ghost (novice TrBe)
  4870 | D:6      | HP: 2/74 [chujev's ghost (12)]
  5073 | D:6      | Learned a level 3 spell: Frozen Ramparts
  5361 | D:7      | Reached skill level 5 in Invocations
  5632 | D:7      | Reached XP level 10. HP: 77/80 MP: 17/17
  6151 | D:8      | Reached ** piety under the Shining One
  6160 | D:8      | Reached skill level 5 in Short Blades
  6160 | D:8      | Reached skill level 5 in Long Blades
  6160 | D:8      | Reached skill level 5 in Axes
  6160 | D:8      | Reached skill level 5 in Maces & Flails
  6160 | D:8      | Reached skill level 5 in Polearms
  6160 | D:8      | Reached skill level 5 in Staves
  6160 | D:8      | Reached skill level 5 in Slings
  6160 | D:8      | Reached skill level 5 in Bows
  6160 | D:8      | Reached skill level 5 in Crossbows
  6160 | D:8      | Reached skill level 5 in Throwing
  6160 | D:8      | Reached skill level 5 in Armour
  6160 | D:8      | Reached skill level 5 in Dodging
  6160 | D:8      | Reached skill level 5 in Unarmed Combat
  6160 | D:8      | Reached skill level 5 in Spellcasting
  6160 | D:8      | Reached skill level 5 in Evocations
  7096 | D:8      | Noticed Maggie
  7111 | D:8      | Killed Maggie
  7443 | D:9      | Found a runed translucent gate.
  7443 | D:9      | Found a runed translucent gate.
  7443 | D:9      | Found a runed translucent gate.
  7498 | D:9      | Noticed a two-headed ogre
  7522 | D:9      | Killed a two-headed ogre
  7615 | D:9      | You fall into a shaft and drop 3 floors!
  7631 | D:12     | Noticed a two-headed ogre
  7634 | D:12     | Noticed a manticore
  7745 | D:12     | Noticed an orc knight
  7812 | D:12     | Reached XP level 11. HP: 29/87 MP: 19/19
  7974 | D:12     | Noticed a white ugly thing
  8001 | D:12     | Killed a white ugly thing
  8002 | D:12     | Reached skill level 5 in Conjurations
  8002 | D:12     | Reached skill level 5 in Hexes
  8002 | D:12     | Reached skill level 5 in Summonings
  8002 | D:12     | Reached skill level 5 in Necromancy
  8002 | D:12     | Reached skill level 5 in Translocations
  8002 | D:12     | Reached skill level 5 in Transmutations
  8002 | D:12     | Reached skill level 5 in Fire Magic
  8002 | D:12     | Reached skill level 5 in Ice Magic
  8002 | D:12     | Reached skill level 5 in Earth Magic
  8002 | D:12     | Reached skill level 5 in Poison Magic
  8141 | D:12     | Noticed a centaur warrior
  8157 | D:12     | Killed a centaur warrior
  8196 | D:12     | Identified the +5 fustibalus "Koral" {vorpal, rF+}
  8341 | D:11     | Noticed a six-headed hydra
  8439 | D:11     | Noticed a boulder beetle
  8453 | D:11     | Killed a boulder beetle
  8494 | D:11     | Noticed a six-headed hydra
  8647 | D:11     | Noticed a cyclops
  8657 | D:11     | Killed a cyclops
  8733 | D:10     | Entered Level 10 of the Dungeon
  8839 | D:9      | Noticed vaporguy's ghost (novice MiFi)
  9184 | D:9      | Noticed DearestLeader's ghost (novice GnWn)
  9365 | D:10     | Found a staircase to the Lair.
  9445 | Lair:1   | Entered Level 1 of the Lair of Beasts
  9706 | Lair:1   | Noticed an oklob plant
  9706 | Lair:1   | Reached *** piety under the Shining One
  9787 | Lair:1   | Killed an oklob plant
  9790 | Lair:1   | Noticed an oklob plant
  9797 | Lair:1   | Killed an oklob plant
  9814 | Lair:1   | Noticed an oklob plant
  9834 | Lair:1   | Killed an oklob plant
 10248 | Lair:1   | Reached XP level 12. HP: 96/96 MP: 22/22
 10253 | Lair:1   | Learned a level 4 spell: Summon Ice Beast
 10408 | Lair:2   | Noticed Gastronok
 10762 | Lair:2   | Noticed a death yak
 10764 | Lair:2   | Noticed a death yak
 10765 | Lair:2   | Noticed a death yak
 10769 | Lair:2   | Noticed a death yak
 10770 | Lair:2   | Noticed a death yak
 10771 | Lair:2   | Noticed a death yak
 10819 | Lair:1   | Killed a death yak
 10939 | Lair:1   | Killed a death yak
 10939 | Lair:1   | Killed a death yak
 10983 | Lair:1   | Killed a death yak
 11252 | Lair:2   | Reached skill level 10 in Fighting
 11427 | Lair:2   | Killed a death yak
 11454 | Lair:2   | Killed a death yak
 11964 | Lair:2   | Reached XP level 13. HP: 82/103 MP: 24/24
 12173 | Lair:2   | Killed Gastronok
 12174 | Lair:2   | Reached skill level 10 in Stealth
 12569 | Lair:3   | Found a frozen archway.
 12584 | IceCv    | Entered an ice cave
 12608 | IceCv    | Reached **** piety under the Shining One
 12630 | IceCv    | Mangled by an ice devil

Illustrated notes

Levels and vault maps discovered:
D:1:      psy_arrival_radial01, layout_rooms, serial_shops, shop,
          nicolae_shop_stone, shop, nicolae_shop_stone,
          hellmonk_ecumenical_altar_crossroads
D:2:      layout_rooms, uniq_natasha, uniq_terence, uniq_jessica
D:3:      layout_loops_ring, mainiacjoe_overflow_alcove_4
D:4:      layout_cave_pods, minmay_misc_feat_rugged, kennysheep_potato,
          uniq_blork_the_orc
D:5:      minmay_spotlight, layout_gridville, grunt_temple_overflow_open,
          minmay_temple_entry_mini_moons, serial_shops, nicolae_square_shop,
          serial_bayou_pond_a, uniq_menkaure, uniq_prince_ribbit1, uniq_ijyb
D:6:      layout_loops_cross, ebering_ghost_disaster_area,
          ebering_dispersal_statue_hall
D:7:      layout_cave_pods
D:8:      layout_basic, uniq_maggie
D:9:      layout_basic, gammafunk_ghost_cemetery
D:10:     layout_basic, lair_entry_dummy, david_orc_5, roderic_lattice_a
D:11:     layout_basic
D:12:     layout_loops_corners, uniq_nergalle
Lair:1:   layout_gridlike, chequers_serial_rivers_micro_d, disabler_island,
          serial_bayou_shore_b, infiniplex_staircase_pool_2
Lair:2:   lemuel_reptile_caves, layout_misc_corridors, st_stairs_10,
          minmay_stone_trees_small, fungi_pond_lemuel, ldierk_geyser,
          beast_lair_carwin_10, uniq_gastronok
Lair:3:   layout_chaotic_city, elwin_shoals_entry_rooms,
          portal_ice_cave_entry_ice_simulacra, minivault_11,
          infiniplex_staircase_pool
IceCv:    ice_cave_small_demon

Skill      XL: |  1  2  3  4  5  6  7  8  9 10 11 12 13 |
---------------+----------------------------------------+-----
Short Blades   | 1 2 3 4 5 6 7 8 |  8.2
Long Blades    | 1 2 3 4 5 6 7 8 |  8.2
Axes           | 1 2 3 4 5 6 7 8 |  8.2
Maces & Flails | 1 2 3 4 5 6 7 8 |  8.2
Polearms       | 1 2 3 4 5 6 7 8 |  8.2
Staves         | 1 2 3 4 5 6 7 8 |  8.2
Slings         | 1 2 3 4 5 6 7 8 |  8.2
Bows           | 1 2 3 4 5 6 7 8 |  8.2
Crossbows      | 1 2 3 4 5 6 7 8 |  8.2
Throwing       | 1 2 3 4 5 6 7 8 |  8.2
Armour         | 1 2 3 4 5 6 7 8 |  8.2
Dodging        | 1 2 3 4 5 6 7 8 |  8.2
Stealth        | 6 7 8 9 10 | 10.2
Unarmed Combat | 1 2 3 4 5 6 7 8 |  8.2
Spellcasting   | 1 2 3 4 5 6 7 8 |  8.2
Invocations    | 1 2 3 4 5 6 7 8 9 |  9.0
Evocations     | 1 2 3 4 5 6 7 8 |  8.2
Conjurations   | 1 2 3 4 5 6 |  6.8
Hexes          | 1 2 3 4 5 6 |  6.8
Summonings     | 1 2 3 4 5 6 |  6.8
Necromancy     | 1 2 3 4 5 6 |  6.8
Translocations | 1 2 3 4 5 6 |  6.8
Transmutations | 1 2 3 4 5 6 |  6.8
Fire Magic     | 1 2 3 4 5 6 |  6.8
Ice Magic      | 1 2 3 4 5 6 |  6.8
Earth Magic    | 1 2 3 4 5 6 |  6.8
Poison Magic   | 1 2 3 4 5 6 |  6.8
Shields        | 3 4 5 6 7 8 |  8.7
Fighting       | 7 8 9 10 | 10.5
Air Magic      | 6 7 8 |  8.9

Action                   |  1- 3 |  4- 6 |  7- 9 | 10-12 | 13-15 || total
-------------------------+-------+-------+-------+-------+-------++-------
Melee: Spear             |    65 |       |       |       |       ||    65
       Bite              |     3 |     6 |    33 |    41 |    15 ||    98
       Dagger            |     3 |   149 |   237 |   305 |    81 ||   775
       Falchion          |       |    11 |    40 |     7 |    15 ||    73
       Punch             |       |       |     5 |    12 |     7 ||    24
 Fire: Shortbow          |       |       |       |   387 |   109 ||   496
 Cast: Frozen Ramparts   |       |       |       |     2 |       ||     2
Evoke: Wand              |       |       |     1 |     1 |       ||     2
  Use: Scroll            |       |       |    10 |     7 |     2 ||    19
       Potion            |       |       |     2 |       |       ||     2
 Stab: Sleeping          |    10 |    10 |     5 |       |       ||    25
Armor: Ring mail         |    10 |     3 |       |       |       ||    13
       Robe              |     1 |       |       |       |       ||     1
       Leather armour    |       |    40 |    69 |   106 |    54 ||   269
       Skin              |       |       |     5 |       |       ||     5
Dodge: Dodged            |    26 |    89 |   166 |   227 |    89 ||   597
       Rpst.: Falchion   |       |     2 |     8 |     2 |     2 ||    14
